[Event "Titled Tuesday Blitz May 2 Early 2023"]
[White "Amitpal, Singh"]
[Black "Omariev, Maksim"]
[WhiteFideId "5012899"]
[BlackFideId "4193423"]
[WhiteElo "2107"]
[BlackElo "2304"]
[Result "0-1"]
[Round "03"]
[TimeControl "180+2"]
[Date "2023.05.02"]
[WhiteClock "0:00:22"]
[BlackClock "0:00:08"]

1. e4 h5 2. d4 h4 3. Nc3 d6 4. Bf4 h3 5. gxh3 Nc6 6. Qd2 Nxd4 7. Qxd4 e5 8. Bxe5 dxe5 9. Qxe5+ Be6 10. Rd1 Qe7 11. Nb5 Rc8 12. Nxa7 Rd8 13. Rxd8+ Kxd8 14. Nb5 Nf6 15. Nf3 Qb4+ 16. Nd2 Qa5 17. a3 Rh5 18. Qd4+ Kc8 19. b4 Qa4 20. Bd3 Rxb5 21. e5 Rd5 22. Qe3 Nd7 23. f4 Qxa3 24. O-O Qxb4 25. Kg2 Bc5 26. Qe2 g6 27. Ne4 Bb6 28. c4 Rd4 29. Rb1 Qa3 30. Rd1 Nc5 31. Nf2 Nxd3 32. Rxd3 Qc5 33. Rxd4 Qxd4 34. Qe4 Bxc4 35. Qxd4 Bxd4 36. Ng4 Bd5+ 37. Kf1 b5 38. Ke2 c5 39. Kd3 Kd7 40. Nf6+ Kc6 41. h4 Bc4+ 42. Ke4 b4 43. f5 gxf5+ 44. Kxf5 b3 45. h5 b2 46. h6 b1=Q+ 47. Kf4 Qg6 48. h7 Qh6+ 49. Ke4 Be6 0-1


[Site "https://www.chess.com"]

[Event "Titled Tuesday Blitz May 2 Early 2023"]
[White "Srdanovic, Jovana"]
[Black "Avazkhonov, Alikhon"]
[WhiteFideId "954810"]
[BlackFideId "14208504"]
[WhiteElo "2145"]
[BlackElo "1739"]
[Result "1-0"]
[Round "03"]
[TimeControl "180+2"]
[Date "2023.05.02"]
[WhiteClock "0:00:12"]
[BlackClock "0:00:01"]

1. d4 Nf6 2. c4 e6 3. Nf3 Bb4+ 4. Bd2 Qe7 5. g3 O-O 6. Bg2 Nc6 7. Nc3 Bxc3 8. Bxc3 d6 9. O-O e5 10. d5 Nd8 11. Qc2 c6 12. Rad1 cxd5 13. cxd5 Bd7 14. e4 b5 15. Rfe1 Nb7 16. b4 Rfc8 17. Qb3 Rc4 18. Nd2 Rc7 19. Bb2 a5 20. a3 Rac8 21. Rc1 Qd8 22. Rxc7 Rxc7 23. Rc1 Rxc1+ 24. Bxc1 Qc7 25. Bb2 Qb6 26. h3 g5 27. Bc3 a4 28. Qb2 g4 29. h4 h5 30. Nf1 Nd8 31. Ne3 Kg7 32. Qd2 Kg6 33. Bb2 Nh7 34. Bc1 f6 35. Nxg4 Nf7 36. Nh6 Nh8 37. Nf5 Nf7 38. Ne7+ Kg7 39. Qe2 Qc7 40. Be3 Bg4 41. Nf5+ Kg6 42. Bf3 Bxf3 43. Qxf3 Nf8 44. g4 Qc2 45. gxh5+ Kh7 46. Qg4 Qb1+ 47. Kg2 Ng5 48. hxg5 Qd3 49. gxf6 1-0


[Site "https://www.chess.com"]

[Event "Titled Tuesday Blitz May 2 Early 2023"]
[White "Melikhov, Evgeny V."]
[Black "Larina, Maria"]
[WhiteFideId "4122046"]
[BlackFideId "24113182"]
[WhiteElo "2158"]
[BlackElo "1848"]
[Result "1-0"]
[Round "03"]
[TimeControl "180+2"]
[Date "2023.05.02"]
[WhiteClock "0:00:42"]
[BlackClock "0:00:02"]

1. d4 f5 2. e4 fxe4 3. Nc3 Nf6 4. Bg5 Nc6 5. d5 Ne5 6. Qe2 Nf7 7. Bxf6 exf6 8. Nxe4 Qe7 9. d6 Nxd6 10. Nxd6+ cxd6 11. O-O-O Qe5 12. Nf3 Qxe2 13. Bxe2 b6 14. Nd4 Bb7 15. Nb5 Kf7 16. Bc4+ Kg6 17. Nxd6 Bxd6 18. Rxd6 Bc6 19. Bd5 Rhe8 20. Rxc6 dxc6 21. Bxc6 Rac8 22. Bxe8+ Rxe8 23. Rf1 f5 24. c4 Re4 25. b3 h5 26. Kd2 h4 27. Re1 Rd4+ 28. Kc3 Rd7 29. b4 Kg5 30. c5 bxc5 31. bxc5 Kf6 32. Kc4 g5 33. Re2 Rd1 34. c6 Rc1+ 35. Kd5 Rd1+ 36. Kc5 Rc1+ 37. Kd6 Rd1+ 38. Kc7 g4 39. Kc8 f4 40. c7 g3 41. fxg3 fxg3 42. hxg3 hxg3 43. Re3 Rc1 44. Rxg3 Ke7 45. Re3+ Kd6 46. Rd3+ Ke7 47. g4 1-0


[Site "https://www.chess.com"]

[Event "Titled Tuesday Blitz May 2 Early 2023"]
[White "Myers, Dominique"]
[Black "Delorme, Alban"]
[WhiteFideId "2041715"]
[BlackFideId "623636"]
[WhiteElo "1934"]
[BlackElo "2196"]
[Result "1-0"]
[Round "03"]
[TimeControl "180+2"]
[Date "2023.05.02"]
[WhiteClock "0:02:23"]
[BlackClock "0:00:37"]

1. d4 Nf6 2. Nd2 g6 3. Ngf3 Bg7 4. e4 d6 5. Bd3 O-O 6. O-O c5 7. c3 Nc6 8. Re1 Bg4 9. Qa4 a6 10. h3 Bxf3 11. Nxf3 b5 12. Qd1 Nd7 13. Be3 Rb8 14. Rc1 Qa5 15. a3 Rfd8 16. Qd2 cxd4 17. b4 dxe3 18. Qxe3 Qc7 19. c4 bxc4 20. Bxc4 Qb6 21. Qb3 Nde5 22. Bd5 Rbc8 23. Ng5 h6 24. Nxf7 Nxf7 25. Bxf7+ Kh7 26. Qe6 Rf8 27. Bxg6+ Kh8 28. Bf5 Nd4 29. Qxc8 Nxf5 30. exf5 Rxc8 31. Rxc8+ Kh7 32. Rxe7 Qd4 33. Rcc7 d5 34. Rxg7+ Qxg7 35. Rxg7+ Kxg7 36. f4 Kf7 37. g4 1-0


[Site "https://www.chess.com"]

[Event "Titled Tuesday Blitz May 2 Early 2023"]
[White "Matlakov, Maxim"]
[Black "Van Baar, Esper"]
[WhiteFideId "4168003"]
[BlackFideId "1049321"]
[WhiteElo "2666"]
[BlackElo "2180"]
[Result "1-0"]
[Round "03"]
[TimeControl "180+2"]
[Date "2023.05.02"]
[WhiteClock "0:02:45"]
[BlackClock "0:01:26"]

1. Nf3 Nf6 2. g3 d5 3. Bg2 g6 4. O-O Bg7 5. d4 O-O 6. c3 c6 7. a4 a5 8. Bf4 Bf5 9. Nbd2 Ne4 10. h3 Nxd2 11. Nxd2 Nd7 12. g4 Be6 13. Bg3 f5 14. e3 Nf6 15. f3 fxg4 16. fxg4 h5 17. g5 Nd7 18. e4 dxe4 19. Bxe4 Bxh3 20. Bxg6 Bxf1 21. Qxh5 1-0


[Site "https://www.chess.com"]

[Event "Titled Tuesday Blitz May 2 Early 2023"]
[White "Fathy, Elameir"]
[Black "Grigorov, Grigor"]
[WhiteFideId "10600396"]
[BlackFideId "2907313"]
[WhiteElo "2311"]
[BlackElo "2510"]
[Result "0-1"]
[Round "03"]
[TimeControl "180+2"]
[Date "2023.05.02"]
[WhiteClock "0:00:02"]
[BlackClock "0:00:12"]

1. d4 Nf6 2. c4 e6 3. Nf3 b6 4. g3 Bb7 5. Bg2 Be7 6. O-O O-O 7. Nc3 Ne4 8. Bd2 Bf6 9. Qc2 Nxd2 10. Qxd2 d6 11. e4 Nd7 12. Rad1 g6 13. Rfe1 Bg7 14. Qe3 Qe7 15. h4 c5 16. d5 Rfd8 17. b3 a6 18. Bh3 Nf8 19. dxe6 fxe6 20. Qd3 Bc6 21. a4 Rab8 22. Re3 h6 23. Nd5 Qf7 24. Nf4 Rd7 25. Qe2 b5 26. axb5 axb5 27. e5 bxc4 28. bxc4 Rbd8 29. exd6 Rxd6 30. Rxd6 Rxd6 31. Kh2 Kh7 32. Ne5 Bxe5 33. Rxe5 Ba8 34. Bg2 Bxg2 35. Kxg2 Qb7+ 36. Qe4 Qxe4+ 37. Rxe4 Kg7 38. Re5 Rc6 39. Kf3 Kf6 40. Nd3 Nd7 41. Re1 Rd6 42. Nf4 Ne5+ 43. Kg2 Nxc4 44. Rc1 Rd4 45. Ne2 Re4 46. Nc3 Re5 47. Nb5 Nd2 48. Nc7 Nb3 49. Rc3 Nd4 0-1


[Site "https://www.chess.com"]

[Event "Titled Tuesday Blitz May 2 Early 2023"]
[White "Gabrielian, Artur"]
[Black "Zaichenko, Daria"]
[WhiteFideId "4131002"]
[BlackFideId "4197453"]
[WhiteElo "2432"]
[BlackElo "2039"]
[Result "1-0"]
[Round "03"]
[TimeControl "180+2"]
[Date "2023.05.02"]
[WhiteClock "0:00:15"]
[BlackClock "0:00:01"]

1. e4 c5 2. Nc3 Nc6 3. Bb5 Nd4 4. Nf3 g6 5. Nxd4 cxd4 6. Ne2 Bg7 7. O-O a6 8. Bc4 Qc7 9. d3 Nf6 10. Nxd4 O-O 11. Bb3 d6 12. Nf3 e5 13. h3 h6 14. Be3 Nd7 15. Qd2 Kh7 16. d4 exd4 17. Nxd4 Nc5 18. f3 Nxb3 19. axb3 Be6 20. c4 Rad8 21. Rad1 Qe7 22. Rfe1 Qh4 23. Bf2 Qf6 24. f4 b5 25. Nc6 Rc8 26. Bd4 Qh4 27. Bxg7 Kxg7 28. Qxd6 bxc4 29. bxc4 Bxc4 30. Qd4+ Qf6 31. Ne5 Bb5 32. Nf3 Rcd8 33. Qxf6+ Kxf6 34. Kf2 Rc8 35. Rd2 Rfd8 36. Red1 Rxd2+ 37. Rxd2 Rc4 38. Ke3 Ke7 39. g4 Rc1 40. h4 Rc4 41. g5 Bc6 42. Nd4 hxg5 43. hxg5 Bd7 44. Rd3 Rc1 45. Ra3 Re1+ 46. Kf3 Rf1+ 47. Kg3 Re1 48. e5 Re4 49. Rd3 Re1 50. Kf2 Rb1 51. Rd2 Ba4 52. Ke3 Re1+ 53. Re2 1-0


[Site "https://www.chess.com"]

[Event "Titled Tuesday Blitz May 2 Early 2023"]
[White "Preotu, Razvan"]
[Black "Kornyukov, Alexey"]
[WhiteFideId "2613280"]
[BlackFideId "4150457"]
[WhiteElo "2407"]
[BlackElo "2352"]
[Result "1-0"]
[Round "03"]
[TimeControl "180+2"]
[Date "2023.05.02"]
[WhiteClock "0:00:09"]
[BlackClock "0:00:14"]

1. e4 c5 2. Nf3 Nc6 3. Bb5 e6 4. O-O Nge7 5. Re1 Ng6 6. c3 Be7 7. d4 cxd4 8. cxd4 d5 9. e5 O-O 10. Nc3 Qb6 11. Bxc6 bxc6 12. Na4 Qc7 13. Bd2 Ba6 14. Rc1 Rac8 15. Nc5 Bxc5 16. Rxc5 Rb8 17. Qc2 Rfc8 18. h4 Rb5 19. h5 Ne7 20. h6 g6 21. Rc1 Qb7 22. b3 Rxc5 23. Qxc5 Nf5 24. g4 Be2 25. Rc3 Bxf3 26. Rxf3 Ne7 27. Bg5 Re8 28. Rc3 a6 29. Bxe7 Rxe7 30. Qxc6 Qxc6 31. Rxc6 Re8 32. Rxa6 Rc8 33. g5 Kf8 34. a4 Rc1+ 35. Kg2 Rd1 36. Ra8+ Ke7 37. Rh8 Rxd4 38. Rxh7 Rg4+ 39. Kf3 Rxg5 40. Rh8 Rxe5 41. h7 Rh5 42. a5 Kd6 43. a6 Rf5+ 44. Ke2 Re5+ 45. Kd2 Rh5 46. a7 Rh2 47. a8=Q Rxf2+ 48. Ke1 Rh2 49. Rd8+ Ke5 50. Qb8+ Ke4 51. Qxh2 Kd3 52. h8=Q Ke3 53. Q8e5+ 1-0


[Site "https://www.chess.com"]

[Event "Titled Tuesday Blitz May 2 Early 2023"]
[White "Dimitrov, Atanas"]
[Black "Biriukov, Ilja"]
[WhiteFideId "2901315"]
[BlackFideId "4113373"]
[WhiteElo "2269"]
[BlackElo "2426"]
[Result "1-0"]
[Round "03"]
[TimeControl "180+2"]
[Date "2023.05.02"]
[WhiteClock "0:01:04"]
[BlackClock "0:00:03"]

1. e4 c5 2. Nf3 d6 3. d4 cxd4 4. Nxd4 Nf6 5. Nc3 a6 6. g3 e5 7. Nde2 Be6 8. Bg2 Nbd7 9. a4 Be7 10. O-O O-O 11. h3 Qc7 12. Be3 Nb6 13. b3 Rfd8 14. Ra2 Rac8 15. a5 Nbd7 16. Nd5 Bxd5 17. exd5 g6 18. c4 Rf8 19. f4 exf4 20. Nxf4 Ne5 21. Nd3 Nxd3 22. Qxd3 Nd7 23. Kh2 f5 24. Bd4 Bf6 25. Bxf6 Nxf6 26. Re1 Rce8 27. Re6 Nd7 28. b4 Ne5 29. Qd4 Qxc4 30. Qxc4 Nxc4 31. Rc2 Rc8 32. Re7 Rf7 33. Re6 Rfc7 34. Bf1 Na3 35. Rxc7 Rxc7 36. Rxd6 Nc2 37. Rd8+ Kg7 38. d6 Rc3 39. d7 Kf7 40. Rc8 1-0


[Site "https://www.chess.com"]

[Event "Titled Tuesday Blitz May 2 Early 2023"]
[White "De Souza, Cristiano Gomes"]
[Black "Manukyan, Sargis A."]
[WhiteFideId "2151758"]
[BlackFideId "13303970"]
[WhiteElo "2068"]
[BlackElo "2187"]
[Result "1/2-1/2"]
[Round "03"]
[TimeControl "180+2"]
[Date "2023.05.02"]
[WhiteClock "0:00:09"]
[BlackClock "0:00:14"]

1. d4 d5 2. c4 e6 3. Nf3 Nf6 4. Nc3 Be7 5. Bg5 O-O 6. e3 Ne4 7. Bxe7 Qxe7 8. cxd5 exd5 9. Nxd5 Qd6 10. Nc3 Bf5 11. Rc1 Nxc3 12. Rxc3 c6 13. Bd3 Bxd3 14. Qxd3 Nd7 15. O-O Rad8 16. Rfc1 a6 17. Qc2 g6 18. a3 Rfe8 19. b4 Nf6 20. Nd2 h5 21. Nc4 Qe6 22. Ne5 h4 23. h3 Nh5 24. a4 Rd5 25. Rc5 Kg7 26. b5 axb5 27. axb5 Rxc5 28. Qxc5 cxb5 29. Qxb5 Re7 30. Qc4 Qd6 31. Qc5 Qxc5 32. Rxc5 Nf6 33. Rb5 Ne4 34. Nf3 Rc7 35. Rb1 g5 36. Ne5 f6 37. Nd3 Nc3 38. Rb6 Nd5 39. Nc5 Rxc5 40. dxc5 Nxb6 41. cxb6 Kf7 42. g3 Ke6 43. Kg2 Kd6 44. Kf3 Kc6 45. gxh4 gxh4 46. Kg4 Kxb6 47. Kf5 Kc7 48. e4 b5 49. Kxf6 b4 50. e5 b3 51. e6 b2 52. e7 b1=Q 53. e8=Q Qb6+ 54. Kg7 Qb2+ 55. Kh6 Qxf2 56. Qe7+ Kc6 57. Kh5 Qf5+ 58. Kxh4 Qf4+ 59. Kh5 Qf5+ 60. Qg5 Qxh3+ 61. Kg6 Qd3+ 62. Qf5 Qg3+ 63. Kf6 Qh4+ 64. Qg5 Qh8+ 65. Kf5 Qc8+ 66. Kg6 Qg8+ 67. Kh5 Qe8+ 68. Qg6+ Qxg6+ 69. Kxg6 1/2-1/2


[Site "https://www.chess.com"]

[Event "Titled Tuesday Blitz May 2 Early 2023"]
[White "Kraus, Tomas"]
[Black "Orlov, Georgi"]
[WhiteFideId "331708"]
[BlackFideId "2011271"]
[WhiteElo "2389"]
[BlackElo "2453"]
[Result "0-1"]
[Round "03"]
[TimeControl "180+2"]
[Date "2023.05.02"]
[WhiteClock "0:00:03"]
[BlackClock "0:00:23"]

1. e4 d6 2. d4 Nf6 3. Nc3 c6 4. a4 g6 5. g3 Bg7 6. Bg2 O-O 7. Nge2 e5 8. h3 Na6 9. O-O Qc7 10. Be3 Re8 11. Re1 exd4 12. Bxd4 Nc5 13. e5 Rxe5 14. Bxe5 dxe5 15. Nc1 Bf5 16. Qe2 Re8 17. Nd3 Bxd3 18. cxd3 Nb3 19. Rad1 Nd4 20. Qd2 Rd8 21. Qc1 Qa5 22. Qg5 Re8 23. Kh2 h6 24. Qc1 Nd7 25. Qa1 Nc2 26. Qa2 Nxe1 27. Rxe1 Re6 28. Qb3 Qc7 29. Ne4 a5 30. Rc1 Kh7 31. Qc4 Qb6 32. Rc2 Bf8 33. h4 Qb4 34. Bh3 Qxc4 35. Rxc4 f5 36. h5 Nb6 37. Rc1 Bb4 38. b3 Re7 39. hxg6+ Kxg6 40. Nc5 Nd5 41. Rd1 Bxc5 0-1


[Site "https://www.chess.com"]

[Event "Titled Tuesday Blitz May 2 Early 2023"]
[White "Garrido, Denis"]
[Black "Iskusnyh, Sergei"]
[WhiteFideId "601217"]
[BlackFideId "4120027"]
[WhiteElo "2205"]
[BlackElo "2492"]
[Result "0-1"]
[Round "03"]
[TimeControl "180+2"]
[Date "2023.05.02"]
[WhiteClock "0:00:03"]
[BlackClock "0:00:03"]

1. e4 e6 2. d4 d5 3. exd5 exd5 4. Nf3 Nf6 5. Bd3 c5 6. Bb5+ Nc6 7. O-O Be7 8. dxc5 Bxc5 9. Nc3 O-O 10. Bg5 Be6 11. Na4 Be7 12. Bxc6 bxc6 13. Be3 Ne4 14. Nd2 Qa5 15. Nxe4 dxe4 16. b3 Rfd8 17. Qe2 Qe5 18. Rad1 Bd6 19. g3 Be7 20. Bf4 Qf5 21. Qe3 h6 22. Rxd8+ Bxd8 23. Nc5 Bb6 24. b4 Bxc5 25. Qxc5 Qxc5 26. bxc5 Bxa2 27. Ra1 Bc4 28. Bc7 f5 29. Kg2 a6 30. f3 Bd5 31. fxe4 Bxe4+ 32. Kf2 Bxc2 33. Ke3 Kf7 34. Kd4 Ke6 35. Re1+ Be4 36. g4 g6 37. h4 Ra7 38. Bd6 Rb7 39. h5 Rb4+ 40. Kc3 a5 41. hxg6 fxg4 42. Be5 Kxe5 43. g7 Rb3+ 44. Kxb3 Kd4 45. g8=Q Bd5+ 46. Qxd5+ Kxd5 47. Rc1 h5 48. Rh1 Kxc5 49. Rxh5+ Kd4 50. Rxa5 Ke3 51. Kc3 g3 52. Re5+ Kf4 53. Rc5 g2 54. Rxc6 g1=Q 55. Rc4+ Ke3 56. Kb4 Qb1+ 57. Kc5 Qf5+ 58. Kb4 Qf8+ 59. Kb5 Kd3 60. Rc5 Qb8+ 61. Kc6 Kd4 62. Rd5+ Ke4 63. Rc5 Qa7 64. Kd6 Qb6+ 65. Rc6 Qd8+ 66. Kc5 Qd5+ 67. Kb6 Qb3+ 68. Kc7 Kd5 69. Rd6+ Ke5 70. Rc6 Qb4 71. Kd7 Qa4 72. Kc7 Qa7+ 73. Kd8 Kd5 74. Rc7 Qb6 75. Kd7 Qe6+ 76. Kd8 Qg8+ 77. Kd7 Qg4+ 78. Kd8 Kd6 0-1


[Site "https://www.chess.com"]

[Event "Titled Tuesday Blitz May 2 Early 2023"]
[White "Vitenberg, Noam Aviv"]
[Black "Lobachev, Yury"]
[WhiteFideId "1532138"]
[BlackFideId "24138177"]
[WhiteElo "2236"]
[BlackElo "2309"]
[Result "1-0"]
[Round "03"]
[TimeControl "180+2"]
[Date "2023.05.02"]
[WhiteClock "0:00:54"]
[BlackClock "0:00:16"]

1. a3 Nf6 2. c4 g6 3. Nc3 Bg7 4. e4 d6 5. Bd3 c5 6. Bc2 O-O 7. Nge2 Nc6 8. O-O Be6 9. Nd5 a6 10. Rb1 b5 11. d3 Rb8 12. Bg5 Nd7 13. Nef4 Bxd5 14. Nxd5 Re8 15. b4 Nd4 16. Qd2 Nxc2 17. Qxc2 h6 18. Bh4 bxc4 19. Qxc4 cxb4 20. Nxb4 Rc8 21. Qxa6 Ra8 22. Qb5 g5 23. Nc6 Qc7 24. Rfc1 Nc5 25. Bg3 Rxa3 26. Rxc5 dxc5 27. Bxc7 1-0


[Site "https://www.chess.com"]

[Event "Titled Tuesday Blitz May 2 Early 2023"]
[White "Sanhueza, Cristian"]
[Black "Minko, Dmitry"]
[WhiteFideId "116815"]
[BlackFideId "24188468"]
[WhiteElo "2219"]
[BlackElo "2147"]
[Result "0-1"]
[Round "03"]
[TimeControl "180+2"]
[Date "2023.05.02"]
[WhiteClock "0:00:13"]
[BlackClock "0:00:10"]

1. e4 e5 2. Nf3 Nc6 3. Bc4 Nf6 4. Ng5 d5 5. exd5 Nd4 6. c3 b5 7. Bf1 Nxd5 8. cxd4 Qxg5 9. Bxb5+ Kd8 10. O-O Rb8 11. Bc6 Bg4 12. d3 Qg6 13. f3 Bh3 14. Qe2 Qxc6 15. gxh3 exd4 16. Kh1 Bd6 17. Na3 Re8 18. Qc2 Qd7 19. Qg2 Re6 20. Rf2 Rg6 21. Qf1 Bf4 22. Nc4 Ne3 23. Bxe3 dxe3 24. Re2 Kc8 25. Nxe3 Qxd3 26. Ng4 Qb5 27. Rae1 a6 28. a4 Qc6 29. Re4 Bd6 30. Qe2 Rb3 31. Rf1 Kb7 32. Rc4 Qd5 33. Re4 Re6 34. Rxe6 fxe6 35. Ne3 Qc6 36. Nd1 Bf4 37. Nc3 Rb4 38. Ne4 Rc4 39. Nc3 Qd6 40. Qg2 Qd3 41. Rd1 Rxc3 42. Rxd3 Rxd3 43. Qf1 Rd2 44. Qg1 Rxh2+ 45. Qxh2 Bxh2 46. Kxh2 Kc6 47. Kg2 Kc5 48. Kf2 Kb4 49. Ke2 Kxa4 50. b3+ Kxb3 51. Ke3 a5 52. Ke4 a4 53. Ke5 a3 54. Kxe6 a2 55. Kf7 a1=Q 56. Kg8 h5 57. f4 c5 58. f5 Qf6 59. Kh8 c4 60. Kg8 c3 61. h4 c2 62. Kh7 c1=Q 63. Kh8 Qc8+ 64. Kh7 Qh6# 0-1


[Site "https://www.chess.com"]

[Event "Titled Tuesday Blitz May 2 Early 2023"]
[White "Hirneise, Jens"]
[Black "Marchesich, Giovanni"]
[WhiteFideId "24614734"]
[BlackFideId "2824790"]
[WhiteElo "2345"]
[BlackElo "2209"]
[Result "1-0"]
[Round "03"]
[TimeControl "180+2"]
[Date "2023.05.02"]
[WhiteClock "0:00:23"]
[BlackClock "0:00:33"]

1. d4 Nf6 2. Bf4 d5 3. e3 c5 4. c3 Qb6 5. Qb3 c4 6. Qc2 Nc6 7. Nd2 Nh5 8. Be5 Nxe5 9. dxe5 g6 10. Ngf3 e6 11. g4 Ng7 12. h4 h5 13. Bh3 Qc7 14. gxh5 Nxh5 15. Bg4 Bg7 16. e4 Bxe5 17. exd5 exd5 18. Bxc8 Rxc8 19. O-O-O O-O 20. Nxe5 Qxe5 21. Kb1 Rfe8 22. Nf3 Qe4 23. Rhe1 Qxc2+ 24. Kxc2 Nf4 25. Rd4 Nd3 26. Rxe8+ Rxe8 27. Kd2 Nxb2 28. Rxd5 Nd3 29. Rd7 b5 30. Rxa7 Nxf2 31. Rb7 Ne4+ 32. Kc2 Nd6 33. Rb6 Re2+ 34. Kd1 Re3 35. Ng5 Rd3+ 36. Kc2 Kg7 37. Rc6 Kh6 38. Rxd6 Rxd6 39. Nxf7+ Kh5 40. Nxd6 Kxh4 41. Nxb5 g5 42. a4 g4 43. Nd4 g3 44. a5 g2 45. Ne2 Kg4 46. a6 Kf3 47. Kd2 Kf2 48. a7 1-0


[Site "https://www.chess.com"]

[Event "Titled Tuesday Blitz May 2 Early 2023"]
[White "Bashirli, Saadat"]
[Black "Chernomordik, Pavel"]
[WhiteFideId "13429990"]
[BlackFideId "2804530"]
[WhiteElo "1408"]
[BlackElo "2193"]
[Result "0-1"]
[Round "03"]
[TimeControl "180+2"]
[Date "2023.05.02"]
[WhiteClock "0:00:03"]
[BlackClock "0:00:24"]

1. e4 g6 2. d4 Bg7 3. Nc3 d6 4. Be2 a6 5. h4 h6 6. Nf3 b5 7. a3 Bb7 8. O-O Nd7 9. Be3 Ngf6 10. Bd3 Ng4 11. Bf4 c5 12. dxc5 Nxc5 13. Re1 Qb6 14. Qd2 Ne6 15. Bg3 O-O 16. Nd5 Qd8 17. Rab1 Ne5 18. Nxe5 dxe5 19. Ne3 Nf4 20. Bxf4 exf4 21. Nd1 e5 22. Nc3 Qxh4 23. Rbd1 Rad8 24. Qe2 Bc8 25. Nd5 Bg4 26. f3 Be6 27. Nc3 Rfe8 28. Qf2 Qe7 29. Bf1 Rd4 30. Rxd4 exd4 31. Ne2 Qd6 32. Rd1 Rd8 33. c3 d3 34. Nc1 d2 35. Nd3 Bc4 36. Rxd2 a5 37. Qe1 b4 38. axb4 axb4 39. Qc1 bxc3 40. bxc3 Qb6+ 41. Kh2 Qe3 42. Qd1 Bxc3 43. Rc2 Bd4 44. Rxc4 Qg1+ 45. Kh3 Qh1+ 46. Kg4 Be3 47. Rc5 Bxc5 0-1


[Site "https://www.chess.com"]

[Event "Titled Tuesday Blitz May 2 Early 2023"]
[White "Manukyan, Artyom"]
[Black "Jiganchine, Roman"]
[WhiteFideId "13305786"]
[BlackFideId "2603667"]
[WhiteElo "2078"]
[BlackElo "2205"]
[Result "1-0"]
[Round "03"]
[TimeControl "180+2"]
[Date "2023.05.02"]
[WhiteClock "0:00:28"]
[BlackClock "0:00:01"]

1. Nf3 d5 2. g3 Nf6 3. Bg2 Bf5 4. O-O c6 5. c4 h6 6. b3 e6 7. Bb2 a5 8. Nc3 Nbd7 9. d4 Be7 10. Ne5 Nxe5 11. dxe5 Nd7 12. cxd5 exd5 13. e4 dxe4 14. Nxe4 Bxe4 15. Bxe4 Nc5 16. Bg2 Qxd1 17. Rfxd1 Ne6 18. Rd2 Bb4 19. Rd3 Nc5 20. Rdd1 Ne6 21. Rac1 a4 22. Rc4 Be7 23. bxa4 Rd8 24. Rxd8+ Kxd8 25. Bc3 Kc7 26. a5 Rd8 27. h4 Rd1+ 28. Kh2 g5 29. hxg5 hxg5 30. a6 Bc5 31. Ba5+ Kb8 32. axb7 Kxb7 33. Bb4 Bxb4 34. Rxb4+ Kc7 35. Ra4 Kb6 36. Rb4+ Kc7 37. Rc4 c5 38. Ra4 Kb6 39. Ra8 Rd8 40. Rxd8 Nxd8 41. Bd5 Kb5 42. Kh3 c4 43. Kg4 c3 44. Bb3 Kc5 45. Kxg5 Kd4 46. Kf6 Nc6 47. f4 1-0


[Site "https://www.chess.com"]

[Event "Titled Tuesday Blitz May 2 Early 2023"]
[White "Jimenez Almeida, Luis David"]
[Black "Barria Santos, Jose Guilherme"]
[WhiteFideId "22242244"]
[BlackFideId "1939300"]
[WhiteElo "2245"]
[BlackElo "2266"]
[Result "1-0"]
[Round "03"]
[TimeControl "180+2"]
[Date "2023.05.02"]
[WhiteClock "0:01:21"]
[BlackClock "0:00:23"]

1. e4 c6 2. Nc3 d5 3. Qf3 dxe4 4. Nxe4 Nf6 5. Bc4 Nbd7 6. Nxf6+ Nxf6 7. Ne2 Bg4 8. Qb3 e6 9. Qxb7 Qc8 10. Ba6 e5 11. d4 Bd6 12. Qxc8+ Bxc8 13. Bc4 O-O 14. O-O Bf5 15. c3 c5 16. dxe5 Bxe5 17. Be3 Bd6 18. Rad1 Rfd8 19. Ng3 Bc2 20. Rd2 Ba4 21. b3 Bc6 22. Rfd1 Be7 23. Nf5 1-0


[Site "https://www.chess.com"]

[Event "Titled Tuesday Blitz May 2 Early 2023"]
[White "Goldin, Roman"]
[Black "Horak, Martin"]
[WhiteFideId "2803860"]
[BlackFideId "367095"]
[WhiteElo "2312"]
[BlackElo "2091"]
[Result "1-0"]
[Round "03"]
[TimeControl "180+2"]
[Date "2023.05.02"]
[WhiteClock "0:00:10"]
[BlackClock "0:00:05"]

1. e4 c5 2. Nf3 Nc6 3. c3 d5 4. exd5 Qxd5 5. d4 e6 6. Be2 Nf6 7. O-O Be7 8. Na3 O-O 9. Nc2 a6 10. Bg5 h6 11. Ne3 Qd8 12. Bxf6 Bxf6 13. dxc5 Qa5 14. b4 Qa3 15. Nd4 Nxd4 16. cxd4 Qxb4 17. Nc4 Qc3 18. Nb6 Rb8 19. Bf3 Qxd4 20. Qc2 e5 21. Rfd1 Qh4 22. g3 Qg5 23. h4 Qg6 24. Qxg6 fxg6 25. Be4 Bf5 26. Bxf5 gxf5 27. Nd7 Rbc8 28. Nxf8 Kxf8 29. Rac1 Rc7 30. h5 e4 31. Rd5 Ke7 32. Rxf5 Ke6 33. Rf4 Kd5 34. Re1 Re7 35. Rf5+ Kc6 36. g4 a5 37. Kg2 a4 38. Rf4 Kd5 39. Rf5+ Kc6 40. Re2 a3 41. Kg3 Be5+ 42. Kg2 Bf6 43. Kh3 Re6 44. Kg3 Re7 45. Kf4 Bg5+ 46. Rxg5 hxg5+ 47. Kxg5 Kd5 48. Kg6 Kd4 49. g5 Kd3 50. Re3+ Kd4 51. Rxa3 Rc7 52. h6 gxh6 53. gxh6 Rc6+ 54. Kg7 Rc7+ 55. Kg6 Rc6+ 56. Kg5 Rxc5+ 57. Kg4 Rc7 58. Rh3 Rh7 59. Kg5 b5 60. Kg6 Rc7 61. h7 Rc6+ 62. Kf7 Rc7+ 63. Ke6 Rc8 64. h8=Q+ Rxh8 65. Rxh8 b4 66. Rb8 Kc3 67. Ke5 e3 68. fxe3 1-0


[Site "https://www.chess.com"]

[Event "Titled Tuesday Blitz May 2 Early 2023"]
[White "Karwowski, Kacper"]
[Black "Nissinen, Niilo Man"]
[WhiteFideId "1126032"]
[BlackFideId "30950767"]
[WhiteElo "2261"]
[BlackElo "1952"]
[Result "1-0"]
[Round "03"]
[TimeControl "180+2"]
[Date "2023.05.02"]
[WhiteClock "0:00:07"]
[BlackClock "0:00:06"]

1. c4 Nf6 2. Nc3 c5 3. e4 g6 4. f4 d6 5. g3 Bg7 6. Bg2 O-O 7. Nf3 Nc6 8. O-O e5 9. d3 Ne8 10. Nh4 exf4 11. Qe1 fxg3 12. Qxg3 Nd4 13. Kh1 Nc7 14. Bg5 Qd7 15. Rf2 f6 16. Be3 Nce6 17. Raf1 Qe7 18. Nd5 Qd8 19. Bh3 b5 20. Rg2 bxc4 21. dxc4 Ba6 22. b3 Rb8 23. Bxd4 Nxd4 24. Nxg6 hxg6 25. Qxg6 Rb7 26. Nxf6+ Rxf6 27. Rxf6 Re7 28. Rxd6 Qe8 29. Qxe8+ Rxe8 30. Rd7 Rxe4 31. Rdxg7+ Kh8 32. Rg8+ Kh7 33. R2g7+ Kh6 34. Rg6+ Kh7 35. R8g7+ Kh8 36. Rf7 Re1+ 37. Rf1 Rxf1+ 38. Bxf1 Bb7+ 39. Bg2 Bc8 40. Rg5 Ne6 41. Re5 Kg7 42. Bh3 Kf6 43. Rxe6+ Bxe6 44. Bxe6 Kxe6 45. Kg2 Ke5 46. h4 Kd4 47. h5 Ke5 48. h6 Kf6 49. Kf3 Kg6 50. Ke4 Kxh6 51. Kd5 1-0


[Site "https://www.chess.com"]

[Event "Titled Tuesday Blitz May 2 Early 2023"]
[White "Kuchava, Ana"]
[Black "Kubatko, Ivan"]
[WhiteFideId "13605348"]
[BlackFideId "24111473"]
[WhiteElo "2001"]
[BlackElo "2285"]
[Result "0-1"]
[Round "03"]
[TimeControl "180+2"]
[Date "2023.05.02"]
[WhiteClock "0:00:13"]
[BlackClock "0:00:07"]

1. d4 d5 2. Nf3 c5 3. c4 e6 4. cxd5 exd5 5. Nc3 Nc6 6. Bf4 Nf6 7. e4 dxe4 8. d5 exf3 9. dxc6 Qxd1+ 10. Rxd1 bxc6 11. gxf3 Be7 12. Rg1 O-O 13. Bh6 Nh5 14. Be2 Re8 15. f4 Bf6 16. Kf1 Bh3+ 17. Ke1 Kf8 18. Bg5 Bd4 19. Rd3 Bf5 20. Rf3 Rab8 21. b3 h6 22. Bh4 Nf6 23. Bxf6 Bxf6 24. Kd2 Rbd8+ 25. Bd3 Rd4 26. Ne2 Rd5 27. Nc3 Rxd3+ 28. Rxd3 Bxd3 29. Kxd3 Bd4 30. Rg2 f5 31. Ne2 Re4 32. f3 Re3+ 33. Kc4 Rxf3 34. Nxd4 cxd4 35. Kxd4 Rxf4+ 36. Kc5 g5 37. Kxc6 Rf1 38. Kb7 f4 39. Kxa7 f3 40. Rc2 g4 41. b4 Rb1 42. a3 h5 43. Ka6 h4 44. b5 g3 45. hxg3 hxg3 46. Rc3 f2 47. Rf3+ Ke7 48. b6 f1=Q+ 49. Rxf1 Rxf1 50. b7 Rb1 51. Ka7 g2 52. b8=Q Rxb8 53. Kxb8 g1=Q 54. a4 Qc5 0-1


[Site "https://www.chess.com"]